 Dungeon Crawl Stone Soup version 0.31-a0-986-g5e6e4ef867 (webtiles) character file.

Game seed: 9573375635719669472

35065 Lobster4 the Fighter (level 13, -15/117 HPs)
             Began as a Green Draconian Shapeshifter on Nov 12, 2023.
             Was a High Priest of Wu Jian.
             Demolished by Rupert
             ... wielding a +5 great sword of electrocution
              (30 damage)
             ... on level 2 of the Orcish Mines.
             The game lasted 01:11:17 (16916 turns).

Lobster4 the Fighter (DrSh)                        Turns: 16916, Time: 01:11:18

Health: -15/117    AC: 14    Str: 21    XL:     13   Next: 45%
Magic:  17/17      EV: 21    Int: 12    God:    Wu Jian [*****.]
Gold:   1628       SH:  5    Dex: 13    Spells: 14/18 levels left

rFire   . . .        p - melded +3 dagger (venom)
rCold   + . .        (shield currently unavailable)
rNeg    . . .        (body armour unavailable)
rPois   +            (helmet restricted)
rElec   .            r - +2 cloak
rCorr   .            L - +2 pair of gloves {Dex+3}
SInv    .            (no boots)
Will    .....        E - amulet of reflection
Stlth   +            s - +5 ring of evasion
HPRegen 0.39/turn    z - ring of protection from cold
MPRegen 0.15/turn

%: reflection
@: flux-form, glowing, serpent's lash
A: glow, contaminating, breathe noxious fumes, AC +8, unfitting armour, poison
resistance, cold-blooded
a: Breathe Noxious Fumes, Begin Untransformation, Renounce Religion, Wall Jump,
Serpent's Lash, Heavenly Storm


You were on level 2 of the Orcish Mines.
You worshipped Wu Jian.
Wu Jian was extremely pleased with you.
You were something dangerously unstable.
You visited 3 branches of the dungeon, and saw 16 of its levels.
You also visited: Ossuary and Bailey.

You collected 1628 gold pieces.

Inventory:

Hand Weapons
 p - a +3 dagger of venom (melded)
 y - a +3 dagger of flaming
 G - a +3 short sword
 H - a +0 orcbow
 J - a +2 vampiric dagger
Missiles
 C - 9 javelins
 I - 3 poisoned darts (quivered)
 K - 6 darts of dispersal
 M - a boomerang
Armour
 r - a +2 cloak (worn)
 L - a +2 pair of gloves of dexterity (worn)
Jewellery
 s - a +5 ring of evasion (left hand)
 x - a ring of protection from cold
 z - a ring of protection from cold (right hand)
 E - an amulet of reflection (around neck)
 N - an amulet of regeneration
Talismans
 b - a beast talisman
 c - a flux talisman (active)
 e - a serpent talisman
 v - a granite talisman
 D - a blade talisman
Wands
 h - a wand of polymorph (5)
 i - a wand of paralysis (12)
 j - a wand of mindburst (17)
 u - a wand of iceblast (8)
Scrolls
 g - a scroll of brand weapon
 t - a scroll of revelation {unknown}
 w - 2 scrolls of identify
 B - 2 scrolls of enchant armour
 F - a scroll of amnesia
 O - a scroll of fog {unknown}
Potions
 a - 2 potions of lignification
 d - 3 potions of heal wounds {unknown}
 f - 2 potions of magic
 k - 4 potions of curing
 l - 2 potions of enlightenment
 m - 2 potions of brilliance
 n - 2 potions of invisibility
 o - a potion of might
 q - 2 potions of resistance
 A - a potion of cancellation


   Skills:
 + Level 11.8 Fighting
 - Level 2.0 Short Blades
 - Level 10.0 Dodging
 + Level 11.2 Unarmed Combat
 - Level 3.0 Spellcasting
 + Level 8.3 Poison Magic
 - Level 3.0 Evocations
 + Level 10.7 Shapeshifting


You had 14 spell levels left.
You knew the following spells:

 Your Spells              Type           Power      Damage    Failure   Level
a - Olgreb's Toxic Radia  Pois           21%        N/A       8%          4

Your spell library contained the following spells:

 Spells                   Type           Power      Damage    Failure   Level
 Apportation              Tloc           2%         N/A       24%         1
 Freeze                   Ice            4%         1d3       24%         1
 Necrotise                Necr           4%         1d4       24%         1
 Slow                     Hex            4%         N/A       24%         1
 Summon Small Mammal      Summ           4%         N/A       24%         1
 Blink                    Tloc           2%         N/A       36%         2
 Ensorcelled Hibernation  Hex/Ice        2%         N/A       36%         2
 Passwall                 Tmut/Erth      0%         N/A       36%         2
 Confusing Touch          Hex            1%         N/A       58%         3
 Frozen Ramparts          Ice            2%         1d1       58%         3
 Hailstorm                Conj/Ice       1%         3d3       58%         3
 Ozocubu's Armour         Ice            1%         N/A       58%         3
 Sigil of Binding         Hex            1%         N/A       58%         3
 Stone Arrow              Conj/Erth      2%         3d7       58%         3
 Summon Guardian Golem    Hex/Summ       1%         N/A       58%         3
 Swiftness                Air            1%         N/A       58%         3
 Tukima's Dance           Hex            1%         N/A       58%         3
 Vampiric Draining        Necr           1%         2d6       58%         3
 Dimensional Bullseye     Hex/Tloc       0%         N/A       94%         4
 Iskenderun's Mystic Bla  Conj/Tloc      1%         2d3       94%         4
 Manifold Assault         Tloc           1%         N/A       94%         4
 Metabolic Englaciation   Hex/Ice        0%         N/A       100%        5
 Eringya's Noxious Bog    Tmut/Pois      5%         4d6       100%        6
 Simulacrum               Ice/Necr       0%         N/A       100%        6
 Orb of Destruction       Conj           0%         9d5       100%        7
 Spellforged Servitor     Conj/Summ      0%         N/A       100%        7
 Lehudib's Crystal Spear  Conj/Erth      0%         10d2      100%        8
 Fire Storm               Conj/Fire      0%         6d1       100%        9
 Animate Armour           Summ/Erth      Unusable   N/A       N/A         4

Dungeon Overview and Level Annotations

Branches:
Dungeon (13/15)            Temple (1/1) D:4            Lair (0/5) D:8
    Orc (2/2) D:9         Ossuary (visited)          Bailey (visited)
    Elf: Orc:2       Vaults: D:13-14

Altars:
Ashenzari
Cheibriados
Dithmenos
Elyvilon
Fedhas
Gozag
Hepliaklqana
Kikubaaqudgha
Makhleb
Nemelex Xobeh
Okawaru
Qazlal
Ru
Sif Muna
Trog
Uskayaw
Vehumet
Wu Jian
Xom
Yredelemnul
Zin
The Shining One

Shops:
D:10 (

Annotations:
D:4 3 runed translucent doors, schwank's ghost, amateur DjRe
D:12 1 runed translucent door, exclusion: orange crystal statue
Orc:1 1 runed translucent door, Amios's ghost, journeyman DrHW
Orc:2 Rupert


Innate Abilities, Weirdness & Mutations

You are something dangerously unstable.
You glow with magical radiation, making you easy to see and hit.
Foes you strike become dangerously contaminated with magical radiation.
You are incapable of wielding weapons or throwing items.
You can breathe blasts of noxious fumes.
Your lurid green scales are hard. (AC +8)
You cannot fit into any form of body armour.
Your system is resistant to poisons. (rPois)
You are cold-blooded and may be slowed by cold attacks.


Message History

Rupert is lightly wounded.
Rupert roars wildly at you.
You struggle to resist.
You punch Rupert!
Rupert shudders as magic cascades through him!!
Rupert twists and deforms.
Your tail-slap misses Rupert.
Rupert is moderately wounded.
Rupert roars madly and goes into a rage!
Rupert goes berserk!
You punch Rupert!
Rupert begins to glow.
Rupert is heavily wounded.
You block Rupert's attack.
You punch Rupert!
Rupert glows dangerously bright.
Rupert is heavily wounded.
Rupert closely misses you.
You punch Rupert!
Rupert shudders as magic cascades through him!!
Rupert twists and deforms.
You tail-slap Rupert.
Rupert is severely wounded.
Rupert misses you.
You closely miss Rupert.
Rupert is severely wounded.
Rupert hits you with a +5 great sword of electrocution!!
You are electrocuted!
Rupert completely misses you.
You barely miss Rupert.
Your tail-slap misses Rupert.
Rupert is severely wounded.
Rupert hits you with a +5 great sword of electrocution!!
You hit Rupert but do no damage.
Rupert begins to glow.
You tail-slap Rupert.
Rupert is severely wounded.
Rupert hits you with a +5 great sword of electrocution!!
* * * LOW HITPOINT WARNING * * *
Okay, then.
Okay, then.
Okay, then.
Your muscles tense, ready for explosive movement...
You hit Rupert.
Rupert glows dangerously bright.
You tail-slap Rupert.
Rupert is severely wounded.
Rupert hits you with a +5 great sword of electrocution!!
You die...
Rupert roars with triumph.

###................##
##.............<.....###
#...........#.#........##
#.........#####.........#
#.........##.#.......#.##
##.........#.........###
###.......#.).....###
##.......#..)..###
#..........p.##.#
##.##......@..###
####.........#
#..$.....### #..........#
#.............#
#...............
...........#.....
..........#.#.....


You could see Rupert (berserk, heavy contam, misshapen).

Vanquished Creatures
  Erica (Orc:1)
  An ogre mage (D:11)
  3 centaur warriors
  2 boulder beetles
  4 two-headed ogres
  Urug (D:12)
  A tengu warrior (D:11)
  Nergalle (Orc:1)
  A deep elf pyromancer (D:12)
  4 orc knights
  A manticore (D:12)
  An orc sorcerer (Orc:1)
  4 cyclopes
  Maggie (D:7)
  2 gargoyles
  An unseen horror (D:10)
  4 trolls
  2 hornets (D:9)
  4 slime creatures
  3 shadows
  2 wyverns
  3 wraiths
  3 vampires
  Eustachio (D:4)
  19 yaks
  3 steam dragons
  A basilisk (D:9)
  A warg (Orc:1)
  Edmund (D:6)
  5 vampire mosquitoes
  An acid dragon (D:11)
  A water moccasin (D:7)
  21 orc warriors
  2 ice beasts (D:6)
  2 ogres (Orc:2)
  4 wolves (D:8)
  5 centaurs
  3 phantoms
  A kobold brigand (D:8)
  5 bullfrogs
  2 scorpions
  11 wights
  10 killer bees
  5 howler monkeys
  2 electric eels (D:8)
  A centaur zombie (Ossuary)
  A jelly (D:6)
  2 hounds (D:6)
  7 orc priests
  A sleepcap (D:5)
  6 iguanas
  10 orc wizards
  2 mummies (Ossuary)
  4 gnolls (D:7)
  5 adders
  A shadow imp (D:6)
  A white imp (D:6)
  2 ufetubi (D:7)
  A worm (D:3)
  A dart slug (D:2)
  64 orcs
  7 ball pythons
  6 bats
  7 endoplasms
  5 giant cockroaches
  3 gnoll zombies (Ossuary)
  7 goblins
  8 hobgoblins
  10 jackals
  6 kobolds
  6 quokkas
  2 frilled lizards
  A goblin zombie (Ossuary)
  3 hobgoblin zombies (Ossuary)
  6 orc zombies (Ossuary)
  6 rats
348 creatures vanquished.

Notes
Turn   | Place    | Note
-------+----------+-------------------------------------------
     0 | D:1      | Lobster4 the Draconian Shapeshifter began the quest for the
                  | Orb.
     0 | D:1      | Reached XP level 1. HP: 16/16 MP: 1/1
   167 | D:1      | Reached XP level 2. HP: 23/23 MP: 2/2
   967 | D:1      | Found a faded altar of an unknown god.
  1204 | D:1      | Reached XP level 3. HP: 28/29 MP: 3/3
  2042 | D:3      | Reached XP level 4. HP: 16/36 MP: 4/4
  2147 | D:3      | Noticed a phantom
  2346 | D:3      | Found a blossoming altar of Fedhas.
  2346 | D:3      | Found a shadowy altar of Dithmenos.
  3245 | D:4      | Found a staircase to the Ecumenical Temple.
  3246 | D:4      | Noticed a scorpion
  3255 | D:4      | Killed a scorpion
  3256 | D:4      | Reached XP level 5. HP: 39/44 MP: 5/5
  3260 | Temple   | Entered the Ecumenical Temple
  3276 | Temple   | Became a worshipper of the Wu Jian Council
  3335 | D:4      | Noticed Eustachio
  3351 | D:4      | Killed Eustachio
  3352 | D:4      | Reached XP level 6. HP: 23/51 MP: 6/6
  3532 | D:4      | Noticed an ice beast
  3558 | D:4      | Found a runed translucent gate.
  3558 | D:4      | Found a runed translucent gate.
  3558 | D:4      | Found a runed translucent gate.
  4060 | D:4      | Noticed schwank's ghost (amateur DjRe)
  4113 | D:5      | Entered Level 5 of the Dungeon
  4339 | D:5      | Your scales start taking on a lurid green colour.
  4339 | D:5      | Reached XP level 7. HP: 58/59 MP: 7/7
  4339 | D:5      | Gained mutation: Your system is resistant to poisons.
                  | (rPois) [Green Draconian growth]
  4365 | D:5      | Reached * piety under Wu Jian
  4405 | D:5      | Noticed a wyvern
  4947 | D:5      | Killed a wyvern
  4948 | D:5      | Reached skill level 5 in Unarmed Combat
  4948 | D:5      | Reached skill level 1 in Evocations
  5094 | D:6      | Found a broken altar of Ashenzari.
  5095 | D:6      | Found a sparkling altar of Nemelex Xobeh.
  5191 | D:6      | Noticed a steam dragon
  5198 | D:6      | Killed a steam dragon
  5199 | D:6      | Reached skill level 5 in Shapeshifting
  5320 | D:6      | Reached skill level 5 in Fighting
  5320 | D:6      | Reached XP level 8. HP: 42/68 MP: 8/8
  5526 | D:6      | Noticed Edmund
  5541 | D:6      | Killed Edmund
  6049 | D:7      | Reached skill level 5 in Dodging
  6549 | D:7      | Reached XP level 9. HP: 75/75 MP: 9/9
  6872 | D:7      | Reached ** piety under Wu Jian
  7392 | D:8      | Noticed a two-headed ogre
  7396 | D:8      | Noticed a troll
  7424 | D:8      | Found a sand-covered staircase.
  7438 | Ossuary  | Entered an ossuary
  7703 | D:8      | Found a basalt altar of Yredelemnul.
  7819 | D:8      | Killed a troll
  7899 | D:8      | Found a glowing silver altar of Zin.
  7899 | D:8      | Noticed an angel
  8010 | D:7      | Noticed Maggie
  8017 | D:7      | Killed Maggie
  8264 | D:8      | Found a staircase to the Lair.
  8495 | D:8      | Reached XP level 10. HP: 72/88 MP: 10/10
  8558 | Bailey   | Identified the "Usuw"
  8562 | D:9      | Noticed a cyclops
  8567 | D:9      | Noticed a centaur warrior
  8669 | D:8      | Killed a two-headed ogre
  8762 | D:9      | Reached *** piety under Wu Jian
  9115 | D:9      | Found an opulent altar of Gozag.
  9123 | D:9      | Found a sacrificial altar of Ru.
  9133 | D:9      | Found a flagged portal.
  9150 | Bailey   | Entered a bailey
  9683 | Bailey   | Reached **** piety under Wu Jian
  9793 | Bailey   | Learned a level 4 spell: Olgreb's Toxic Radiance
  9795 | Bailey   | Noticed an orc knight
  9795 | Bailey   | Noticed an orc knight
  9851 | Bailey   | Killed an orc knight
  9852 | Bailey   | Reached skill level 1 in Poison Magic
  9853 | Bailey   | Killed an orc knight
  9854 | Bailey   | Reached skill level 1 in Spellcasting
  9958 | Bailey   | Reached XP level 11. HP: 99/99 MP: 11/15
 10127 | D:9      | HP: 2/99 [something (32)]
 10130 | D:9      | Reached XP level 12. HP: 9/106 MP: 16/16
 10660 | D:9      | Reached skill level 10 in Fighting
 10928 | D:9      | Found a staircase to the Orcish Mines.
 10988 | Orc:1    | Entered Level 1 of the Orcish Mines
 11187 | D:10     | Entered Level 10 of the Dungeon
 11407 | D:10     | You fall into a shaft and drop 3 floors!
 11413 | D:13     | Noticed a boulder beetle
 11433 | D:13     | Killed a boulder beetle
 11434 | D:13     | Reached skill level 5 in Poison Magic
 11510 | D:13     | Noticed a centaur warrior
 11659 | D:12     | Reached skill level 1 in Short Blades
 11901 | D:10     | Found Zid Tuedikk's Weapon Shop.
 11958 | D:10     | Found an ancient bone altar of Kikubaaqudgha.
 12771 | D:9      | Killed a centaur warrior
 12772 | D:9      | Reached skill level 10 in Unarmed Combat
 13448 | D:11     | Noticed a two-headed ogre
 13466 | D:11     | Killed a two-headed ogre
 13497 | D:11     | Reached ***** piety under Wu Jian
 13572 | D:11     | Noticed an ogre mage
 13611 | D:11     | Killed an ogre mage
 13656 | D:11     | Noticed a two-headed ogre
 13663 | D:11     | Killed a two-headed ogre
 13664 | D:11     | Reached skill level 10 in Shapeshifting
 13772 | D:11     | Noticed a boulder beetle
 13786 | D:11     | Killed a boulder beetle
 13829 | D:11     | Noticed a tengu warrior
 13853 | D:11     | Killed a tengu warrior
 13930 | D:11     | Noticed a two-headed ogre
 13939 | D:11     | Killed a two-headed ogre
 14352 | D:12     | Reached XP level 13. HP: 116/116 MP: 17/17
 14919 | D:12     | Noticed Urug
 14935 | D:12     | Killed Urug
 15135 | D:12     | Found a runed translucent door.
 15137 | D:12     | Noticed a crystal guardian
 15138 | D:12     | Noticed a crystal guardian
 15139 | D:12     | Identified the ring of Checkmate {AC+4 Str-4 Int+2 Dex+6}
 15485 | D:13     | Paralysed by a centaur for 2 turns
 16109 | Orc:1    | Found a runed translucent door.
 16109 | Orc:1    | Found a shimmering altar of Xom.
 16109 | Orc:1    | Noticed Amios's ghost (journeyman DrHW)
 16228 | Orc:1    | Noticed Nergalle
 16246 | Orc:1    | Killed Nergalle
 16247 | Orc:1    | Reached skill level 10 in Dodging
 16250 | Orc:1    | Noticed Erica
 16266 | Orc:1    | Killed Erica
 16804 | Orc:2    | Entered Level 2 of the Orcish Mines
 16804 | Orc:2    | Noticed Rupert
 16902 | Orc:2    | Paralysed by Rupert for 5 turns
 16916 | Orc:2    | Demolished by Rupert

Illustrated notes

Levels and vault maps discovered:
D:1:      dpeg_arrival_simpleton_c, layout_basic,
          shapermc_ecumenical_altar_flowoftime, palyth_stone_intersect
D:2:      layout_basic
D:3:      layout_loops_ring, jmf_multi_god_temple, minmay_puff
D:4:      layout_loops_ring, minmay_temple_entry_antechambers,
          gammafunk_ghost_icy, serial_bayou_lagoon_b, uniq_eustachio
D:5:      layout_basic
D:6:      layout_loops_corners, nicolae_overflow_hidden_temple, uniq_edmund
D:7:      layout_rooms, amcnicky_mini_rare_corridor_liquid, uniq_maggie
D:8:      layout_rooms, zin_angel, mainiacjoe_overflow_cross_hatched,
          erik_lair_island, nicolae_ossuary_entry_ruins, serial_corexii_hall,
          chequers_hall_statues_wall_a, chequers_hall_statues_y,
          corexii_hall_statues_t, corexii_hall_statues_l
D:9:      layout_irregular_city, mainiacjoe_overflow_large_starburst,
          hiddenorc1_lemuel, enter_bailey_5, minmay_fractal_squares_gapless_7
D:10:     layout_stronghold, mainiacjoe_overflow_alcove_4, serial_shops,
          nicolae_shop_real_fake_doors
D:11:     minmay_opposing_rooms, layout_basic
D:12:     layout_long_grid, minmay_crystal_box, uniq_urug
D:13:     layout_gridville, lightli_minifort, uniq_kirke, uniq_sonja
Temple:   oiseaux_autumnal_temple
Orc:1:    layout_caves, ebering_ghost_xom, uniq_nergalle, uniq_erica
Orc:2:    st_orc_pillars, layout_diamond_mine, maelrawn_ghost_gauntlet_escape,
          minmay_orc_temple_b, uniq_rupert, uniq_jorgrun

Skill      XL: |  1  2  3  4  5  6  7  8  9 10 11 12 13 |
---------------+----------------------------------------+-----
Dodging        | 2 3 4 5 6 8 9 10 | 10.0
Fighting       | 2 3 4 5 6 7 9 11 | 11.8
Unarmed Combat | 4 5 6 7 9 10 11 | 11.2
Shapeshifting  | 4 5 7 9 10 | 10.7
Evocations     | 1 3 |  3.0
Poison Magic   | 4 7 8 |  8.3
Spellcasting   | 3 |  3.0
Short Blades   | 2 |  2.0

Action                     |  1- 3 |  4- 6 |  7- 9 | 10-12 | 13-15 || total
---------------------------+-------+-------+-------+-------+-------++-------
  Melee: Unarmed           |   109 |    49 |     3 |   228 |   260 ||   649
         Tailslap          |     8 |    23 |    44 |   102 |    47 ||   224
         Mace              |     2 |       |       |       |       ||     2
         Punch             |     3 |     3 |    15 |    19 |     7 ||    47
         Dagger            |       |   115 |   282 |   275 |       ||   672
  Throw: Javelin           |     2 |     6 |    22 |       |       ||    30
         Boomerang         |       |       |    51 |     1 |       ||    52
         Dart              |       |       |       |    24 |       ||    24
 Invoke: Serpent's Lash    |       |       |       |       |     1 ||     1
Ability: Lunge             |       |     5 |    12 |    36 |    18 ||    71
         Whirlwind         |       |       |     9 |    81 |    48 ||   138
         Wall Jump         |       |       |     5 |     1 |       ||     6
         Breathe Noxious F |       |       |     1 |    14 |     1 ||    16
  Evoke: Wand              |       |       |    24 |    29 |     1 ||    54
    Use: Scroll            |       |     1 |    11 |    12 |     1 ||    25
         Potion            |       |     1 |       |     4 |     1 ||     6
   Stab: Sleeping          |     2 |     2 |       |       |       ||     4
         Confused          |       |       |       |     1 |     1 ||     2
         Paralysed         |       |       |       |       |     5 ||     5
         Distracted        |       |       |       |       |     1 ||     1
 Armour: Skin              |    52 |    89 |   127 |   218 |   137 ||   623
  Dodge: Dodged            |    64 |   119 |   229 |   393 |   206 ||  1011
  Block: Other             |       |       |       |    98 |    62 ||   160
         Reflection        |       |       |       |    17 |     1 ||    18
   Form: Beast             |     1 |       |     1 |     2 |       ||     4
         Flux              |       |       |     1 |     4 |     1 ||     6
                           |       |       |       |     1 |       ||     1
         Blade             |       |       |       |       |     1 ||     1

Table legend: (Time is in decaauts)
 A = Elapsed time spent in this place.
 B = Non-inter-level travel time spent in this place.
 C = Inter-level travel time spent in this place.
 D = Time resting spent in this place.
 E = Time spent auto-exploring this place.
 F = Levels seen in this place.
 G = Mean time per level.
                   A        B        C        D        E       F      G
               +--------+--------+--------+--------+--------+-----+--------+
         Total |  16907 |  16188 |    719 |   3065 |   8211 |  18 |  939.3 |
       Dungeon |  14903 |  14256 |    647 |   2649 |   7577 |  13 | 1146.4 |
        Temple |     32 |      2 |     30 |      0 |      0 |   1 |   32.0 |
  Orcish Mines |    919 |    877 |     42 |    147 |    422 |   2 |  459.5 |
       Ossuary |    238 |    238 |      0 |      0 |    108 |   1 |  238.0 |
        Bailey |    813 |    813 |      0 |    269 |    104 |   1 |  813.0 |
               +--------+--------+--------+--------+--------+-----+--------+

Top non-repeatable levels by time:
     D:9: 2268 daAuts
    D:12: 1542 daAuts
     D:1: 1325 daAuts
     D:6: 1260 daAuts
     D:7: 1253 daAuts
    D:10: 1152 daAuts
     D:3: 1142 daAuts
    D:11: 1099 daAuts
     D:8: 950 daAuts
     D:5: 944 daAuts
     D:4: 944 daAuts
   Orc:1: 823 daAuts
  Bailey: 813 daAuts
     D:2: 701 daAuts
    D:13: 317 daAuts
